SAA
LITTLE CAESARS HOT N READYS @ PHOENIX HOTSPUR YOUTH
05/22/2024
 
TOP OF THE 1ST
Lancaster Farmers batting - Pitching for Phoenix Hotspur Youth : LHP Ricardo Sánchez
Pitching: LHP Ricardo Sánchez
Batting: RHB Carl Bryant 0-0: Ball
1-0: Ball
2-0: Swinging Strike
2-1: Bunt missed!
2-2: Foul Ball, location: 2F
2-2: Fly out, F8 (Flyball, 89M)
Batting: RHB Domenic Gallard 0-0: Ball
1-0: Called Strike
1-1: Called Strike
1-2: Ball
2-2: Ball
3-2: Strikes out looking
Batting: RHB Fred Meyer 0-0: Swinging Strike
0-1: Foul Ball, location: 2F
0-2: Foul Ball, location: 2F
0-2: Ball
1-2: Fly out, F8 (Line Drive, 8LM)
Top of the 1st over - 0 run(s), 0 hit(s), 0 error(s), 0 left on base; Lancaster 0 - Phoenix Hotspur 0
BOTTOM OF THE 1ST
Phoenix Hotspur Youth batting - Pitching for Lancaster Farmers : RHP Rafael Rodríguez
Pitching: RHP Rafael Rodríguez
Batting: LHB Ricardo Peña 0-0: Ball
1-0: Fly out, F9 (Flyball, 9D)
Batting: LHB Shojiro Ueda 0-0: SINGLE (Groundball, 34D)
Batting: RHB Alex Niemann 0-0: Called Strike
0-1: Ball
1-1: Swinging Strike
1-2: Foul Ball, location: 2F
1-2: Grounds into double play, 4-6-3 (Groundball, 4)
Bottom of the 1st over - 0 run(s), 1 hit(s), 0 error(s), 0 left on base; Lancaster 0 - Phoenix Hotspur 0
TOP OF THE 2ND
Lancaster Farmers batting - Pitching for Phoenix Hotspur Youth : LHP Ricardo Sánchez
Batting: RHB Sean MacKnight 0-0: Ground out 4-3 (Groundball, 4M)
Batting: LHB Manny Valentín 0-0: Ball
1-0: Ball
2-0: Swinging Strike
2-1: Foul Ball, location: 2F
2-2: DOUBLE (Line Drive, 8RM)
Batting: RHB Chuck Wolf 0-0: Ball
1-0: Ball
2-0: Ball
3-0: Called Strike
3-1: Foul Ball, location: 2F
3-2: Ground out 6-3 (Groundball, 6)
Batting: LHB Rob Wilson 0-0: Ball
1-0: Called Strike
1-1: Ball
2-1: Ball
Wild Pitch!
Manny Valentín to third
3-1: Called Strike
3-2: SINGLE (Groundball, 3D)
Manny Valentín scores
Batting: RHB Eric Howard 0-0: Ball
1-0: Ball
2-0: Ball
3-0: Called Strike
3-1: Foul Ball, location: 2F
3-2: Strikes out looking
Top of the 2nd over - 1 run(s), 2 hit(s), 0 error(s), 1 left on base; Lancaster 1 - Phoenix Hotspur 0
BOTTOM OF THE 2ND
Phoenix Hotspur Youth batting - Pitching for Lancaster Farmers : RHP Rafael Rodríguez
Batting: RHB Keith Burnett 0-0: Foul Ball, location: 2F
0-1: Ball
1-1: Foul Ball, location: 2F
1-2: Strikes out swinging
Batting: RHB Javier González 0-0: Called Strike
0-1: Ball
1-1: Ball
2-1: Ball
3-1: Foul Ball, location: 2F
3-2: Foul Ball, location: 2F
3-2: Base on Balls
Batting: RHB Ed Sharp 0-0: Called Strike
0-1: Foul Ball, location: 2F
0-2: Strikes out swinging
Javier González steals 2nd base
Batter strikes out.
Batting: RHB Shohei Kiyomizu 0-0: Ball
1-0: Swinging Strike
1-1: Ball
2-1: Ground out 5-3 (Groundball, 56S)
Bottom of the 2nd over - 0 run(s), 0 hit(s), 0 error(s), 1 left on base; Lancaster 1 - Phoenix Hotspur 0
TOP OF THE 3RD
Lancaster Farmers batting - Pitching for Phoenix Hotspur Youth : LHP Ricardo Sánchez
Batting: RHB António Jiménez 0-0: SINGLE (Line Drive, 8RS)
Batting: RHB Carl Bryant 0-0: Ball
Wild Pitch!
António Jiménez to second
1-0: Ball
2-0: Swinging Strike
2-1: Swinging Strike
2-2: Fly out, F8 (Flyball, 8LM)
Batting: RHB Domenic Gallard 0-0: Ball
Wild Pitch!
António Jiménez to third
1-0: Called Strike
1-1: Ball
2-1: Ground out 5-3 (Groundball, 5S)
Batting: RHB Fred Meyer 0-0: Ball
1-0: Ball
2-0: Foul Ball, location: 2F
2-1: Foul Ball, location: 2F
2-2: Ball
3-2: Base on Balls
Batting: RHB Sean MacKnight 0-0: Ball
1-0: Ball
2-0: Called Strike
2-1: Swinging Strike
2-2: Foul Ball, location: 2F
2-2: Foul Ball, location: 2F
2-2: Foul Ball, location: 2F
2-2: Strikes out looking
Top of the 3rd over - 0 run(s), 1 hit(s), 0 error(s), 2 left on base; Lancaster 1 - Phoenix Hotspur 0
BOTTOM OF THE 3RD
Phoenix Hotspur Youth batting - Pitching for Lancaster Farmers : RHP Rafael Rodríguez
Batting: RHB Dan Perkins 0-0: Ball
1-0: Fly out, F9 (Flyball, 9M)
Batting: RHB Larry Bryant 0-0: Ball
1-0: Ball
2-0: Swinging Strike
2-1: Foul Ball, location: 2F
2-2: SINGLE (Line Drive, 7LS)
Batting: LHB Ricardo Peña 0-0: Called Strike
0-1: Ball
1-1: Called Strike
1-2: Fly out, F7 (Flyball, 7M)
Batting: LHB Shojiro Ueda 0-0: Ball
Larry Bryant is caught stealing 2nd base
Bottom of the 3rd over - 0 run(s), 1 hit(s), 0 error(s), 0 left on base; Lancaster 1 - Phoenix Hotspur 0
TOP OF THE 4TH
Lancaster Farmers batting - Pitching for Phoenix Hotspur Youth : LHP Ricardo Sánchez
Batting: LHB Manny Valentín 0-0: Fly out, F4 (Line Drive, 4)
Batting: RHB Chuck Wolf 0-0: Ball
1-0: Foul Ball, location: 2F
1-1: Ground out 5-3 (Groundball, 15S)
Batting: LHB Rob Wilson 0-0: Ball
1-0: Called Strike
1-1: Swinging Strike
1-2: Ball
2-2: Foul Ball, location: 2F
2-2: Ball
3-2: Ground out 1-3 (Groundball, 15S)
Top of the 4th over - 0 run(s), 0 hit(s), 0 error(s), 0 left on base; Lancaster 1 - Phoenix Hotspur 0
BOTTOM OF THE 4TH
Phoenix Hotspur Youth batting - Pitching for Lancaster Farmers : RHP Rafael Rodríguez
Batting: LHB Shojiro Ueda 0-0: Ball
1-0: SINGLE (Groundball, 34D)
Batting: RHB Alex Niemann 0-0: Ball
1-0: Fly out, F9 (Flyball, 9S)
Batting: RHB Keith Burnett 0-0: Called Strike
0-1: Ball
1-1: Ball
2-1: SINGLE (Line Drive, 7LS)
Shojiro Ueda to second
Batting: RHB Javier González 0-0: Ball
1-0: Called Strike
1-1: Ball
2-1: Swinging Strike
2-2: Strikes out swinging
Batting: RHB Ed Sharp 0-0: Ball
1-0: Ball
2-0: Swinging Strike
2-1: Foul Ball, location: 2F
2-2: Foul Ball, location: 2F
2-2: Ball
3-2: Ground out 5-3 (Groundball, 56S)
Bottom of the 4th over - 0 run(s), 2 hit(s), 0 error(s), 2 left on base; Lancaster 1 - Phoenix Hotspur 0
TOP OF THE 5TH
Lancaster Farmers batting - Pitching for Phoenix Hotspur Youth : LHP Ricardo Sánchez
Batting: RHB Eric Howard 0-0: Called Strike
0-1: SINGLE (Line Drive, 4)
Batting: RHB António Jiménez 0-0: Sac Bunt - play at first, batter OUT! 5-4
Eric Howard to second
Batting: RHB Carl Bryant 0-0: Ball
1-0: Ground out 6-3 (Groundball, 6M)
Eric Howard to third
Batting: RHB Domenic Gallard 0-0: Called Strike
0-1: Ball
1-1: Foul Ball, location: 2F
1-2: Ball
2-2: SINGLE (Line Drive, 6MD)
Eric Howard scores
Batting: RHB Fred Meyer 0-0: Ball
1-0: SINGLE (Line Drive, 78S)
Domenic Gallard to second
Batting: RHB Sean MacKnight 0-0: Ball
1-0: Called Strike
1-1: Swinging Strike
1-2: Foul Ball, location: 2F
1-2: Strikes out swinging
Top of the 5th over - 1 run(s), 3 hit(s), 0 error(s), 2 left on base; Lancaster 2 - Phoenix Hotspur 0
BOTTOM OF THE 5TH
Phoenix Hotspur Youth batting - Pitching for Lancaster Farmers : RHP Rafael Rodríguez
Batting: RHB Shohei Kiyomizu 0-0: Ball
1-0: SINGLE (Line Drive, 3D)
Batting: RHB Dan Perkins 0-0: Bunt missed!
0-1: Sac Bunt - play at second, runner OUT! 3-6
Batting: RHB Larry Bryant 0-0: Ball
1-0: Ball
2-0: Ball
Passed Ball!
Dan Perkins to second
3-0: Called Strike
3-1: Called Strike
3-2: Strikes out swinging
Batting: LHB Ricardo Peña 0-0: Foul Ball, location: 2F
0-1: Foul Ball, location: 2F
0-2: Strikes out swinging
Bottom of the 5th over - 0 run(s), 1 hit(s), 0 error(s), 1 left on base; Lancaster 2 - Phoenix Hotspur 0
TOP OF THE 6TH
Lancaster Farmers batting - Pitching for Phoenix Hotspur Youth : LHP Ricardo Sánchez
Batting: LHB Manny Valentín 0-0: Called Strike
0-1: Called Strike
0-2: SINGLE (Groundball, 4MD)
Batting: RHB Chuck Wolf 0-0: Bunt missed!
0-1: Sac Bunt - play at first, batter OUT! 1-4
Manny Valentín to second
Batting: LHB Rob Wilson 0-0: Called Strike
0-1: DOUBLE (Flyball, 8LXD)
Manny Valentín scores
Batting: RHB Eric Howard 0-0: Called Strike
0-1: Foul Ball, location: 2F
0-2: Ground out 1-3 (Groundball, 15)
Batting: RHB António Jiménez 0-0: Fly out, F9 (Flyball, 89M)
Top of the 6th over - 1 run(s), 2 hit(s), 0 error(s), 1 left on base; Lancaster 3 - Phoenix Hotspur 0
BOTTOM OF THE 6TH
Phoenix Hotspur Youth batting - Pitching for Lancaster Farmers : RHP Rafael Rodríguez
Batting: LHB Shojiro Ueda 0-0: Ball
1-0: Foul Ball, location: 2F
1-1: Ball
2-1: Ground out 4-3 (Groundball, 34)
Batting: RHB Alex Niemann 0-0: Called Strike
0-1: Called Strike
0-2: Ball
1-2: Ball
2-2: Ball
3-2: Strikes out looking
Batting: RHB Keith Burnett 0-0: Ball
1-0: Ball
2-0: Ground out 5-3 (Groundball, 56)
Bottom of the 6th over - 0 run(s), 0 hit(s), 0 error(s), 0 left on base; Lancaster 3 - Phoenix Hotspur 0
TOP OF THE 7TH
Lancaster Farmers batting - Pitching for Phoenix Hotspur Youth : LHP Ricardo Sánchez
Batting: RHB Carl Bryant 0-0: Foul Ball, location: 2F
0-1: Ball
1-1: Called Strike
1-2: Ball
2-2: Fly out, F8 (Flyball, 8RM)
Batting: RHB Domenic Gallard 0-0: Ball
1-0: Ground out 4-3 (Groundball, 4)
Batting: RHB Fred Meyer 0-0: Foul Ball, location: 2F
0-1: Foul Ball, location: 2F
0-2: Foul Ball, location: 2F
0-2: Ball
1-2: Ball
2-2: Ground out 1-3 (Groundball, 3S)
Top of the 7th over - 0 run(s), 0 hit(s), 0 error(s), 0 left on base; Lancaster 3 - Phoenix Hotspur 0
BOTTOM OF THE 7TH
Phoenix Hotspur Youth batting - Pitching for Lancaster Farmers : RHP Rafael Rodríguez
Batting: RHB Javier González 0-0: Foul Ball, location: 2F
0-1: Foul Ball, location: 2F
0-2: Foul Ball, location: 2F
0-2: Foul Ball, location: 2F
0-2: Foul Ball, location: 2F
0-2: Ground out 4-3 (Groundball, 4M)
Batting: RHB Ed Sharp 0-0: Called Strike
0-1: Ball
1-1: Ball
2-1: Called Strike
2-2: Ball
3-2: Base on Balls
Pitching: LHP Sergio Cruz
Batting: RHB Shohei Kiyomizu 0-0: Swinging Strike
0-1: Foul Ball, location: 2F
0-2: Strikes out swinging
Batting: RHB Dan Perkins 0-0: Called Strike
0-1: Swinging Strike
0-2: Strikes out swinging
Bottom of the 7th over - 0 run(s), 0 hit(s), 0 error(s), 1 left on base; Lancaster 3 - Phoenix Hotspur 0
TOP OF THE 8TH
Lancaster Farmers batting - Pitching for Phoenix Hotspur Youth : LHP Ricardo Sánchez
Pitching: RHP Loeck Visser
Batting: RHB Sean MacKnight 0-0: Swinging Strike
0-1: Fly out, F9 (Flyball, 89S)
Batting: LHB Manny Valentín 0-0: Ball
1-0: Foul Ball, location: 2F
1-1: Ball
2-1: Called Strike
2-2: Foul Ball, location: 2F
2-2: TRIPLE (Line Drive, 9LD)
Batting: RHB Chuck Wolf 0-0: Called Strike
0-1: Ball
1-1: Swinging Strike
1-2: Ball
2-2: Ball
3-2: Base on Balls
Batting: LHB Rob Wilson 0-0: Called Strike
0-1: Ball
1-1: Swinging Strike
1-2: Strikes out swinging
Batting: RHB Eric Howard 0-0: Called Strike
0-1: Ball
1-1: Swinging Strike
1-2: Ball
2-2: Foul Ball, location: 2F
2-2: Ground out 6-3 (Groundball, 56)
Top of the 8th over - 0 run(s), 1 hit(s), 0 error(s), 2 left on base; Lancaster 3 - Phoenix Hotspur 0
BOTTOM OF THE 8TH
Phoenix Hotspur Youth batting - Pitching for Lancaster Farmers : LHP Sergio Cruz
Batting: RHB Larry Bryant 0-0: Ground out 6-3 (Groundball, 6)
Batting: LHB Ricardo Peña 0-0: Ball
1-0: Ball
2-0: Ball
3-0: Called Strike
3-1: Ground out U3 (Groundball, 3)
Batting: LHB Shojiro Ueda 0-0: Ball
1-0: Foul Ball, location: 2F
1-1: Fly out, F8 (Line Drive, 8RD)
Bottom of the 8th over - 0 run(s), 0 hit(s), 0 error(s), 0 left on base; Lancaster 3 - Phoenix Hotspur 0
TOP OF THE 9TH
Lancaster Farmers batting - Pitching for Phoenix Hotspur Youth : RHP Loeck Visser
Batting: RHB António Jiménez 0-0: Called Strike
0-1: Ball
1-1: Foul Ball, location: 2F
1-2: Ground out 6-3 (Groundball, 6)
Batting: RHB Carl Bryant 0-0: Ball
1-0: Called Strike
1-1: Ground out 4-3 (Groundball, 4M)
Batting: RHB Domenic Gallard 0-0: Called Strike
0-1: Ball
1-1: Foul Ball, location: 2F
1-2: Strikes out looking
Top of the 9th over - 0 run(s), 0 hit(s), 0 error(s), 0 left on base; Lancaster 3 - Phoenix Hotspur 0
BOTTOM OF THE 9TH
Phoenix Hotspur Youth batting - Pitching for Lancaster Farmers : LHP Sergio Cruz
Pitching: RHP Bill Lee
Batting: RHB Alex Niemann 0-0: Ball
1-0: Called Strike
1-1: Fly out, F9 (Flyball, 89S)
Batting: RHB Keith Burnett 0-0: Ball
1-0: Ball
2-0: Swinging Strike
2-1: Foul Ball, location: 2F
2-2: Strikes out looking
Batting: RHB Javier González 0-0: Ball
1-0: Foul Ball, location: 2F
1-1: Ball
2-1: Ground out 6-3 (Groundball, 6M)
Bottom of the 9th over - 0 run(s), 0 hit(s), 0 error(s), 0 left on base; Lancaster 3 - Phoenix Hotspur 0
This league is powered by Out of the Park Baseball, the baseball management simulation game for PC, Mac and Linux
Monday, October 3rd, 2016 - OOTP Baseball 16.9 Build 39